 Dungeon Crawl Stone Soup version 0.20-a0-1109-ge3cd172 (webtiles) character file.

174 Monsterracer the Digger (level 5, 0/28 HPs)
             Began as a Gargoyle Earth Elementalist on May 5, 2017.
             Slain by a centaur (4 damage)
             ... on level 4 of the Dungeon.
             The game lasted 00:09:06 (3091 turns).

Monsterracer the Digger (GrEE)                      Turns: 3091, Time: 00:09:06

Health: 0/28       AC:  9    Str: 12    XL:     5   Next: 54%
Magic:  0/9        EV: 12    Int: 16    God:
Gold:   146        SH:  0    Dex: 10    Spells: 4/10 levels left

rFire    . . .     SeeInvis .   q - +0 spear (pierce)
rCold    . . .     Gourm    .   (no shield)
rNeg     + . .     Faith    .   c - +0 robe
rPois    ∞         Spirit   .   (no helmet)
rElec    +         Reflect  .   (no cloak)
rCorr    .         Harm     +   (no gloves)
MR       .....                  m - +0 pair of boots
Stlth    ++........             l - amulet of harm
Regen    0.1/turn               f - ring of wizardry
MPRegen  0.2/turn               i - +2 ring of protection

@: very slightly contaminated
A: negative energy resistance 1, electricity resistance, unbreathing,
petrification resistance, rot immunity, AC +4
a: no special abilities


You were on level 4 of the Dungeon.
You were not hungry.

You visited 1 branch of the dungeon, and saw 4 of its levels.

You collected 146 gold pieces.

Inventory:

Hand Weapons
 q - a +0 spear of piercing (weapon)
Missiles
 b - 60 stones (quivered)
Armour
 c - a +0 robe (worn)
 g - a +0 buckler
 m - a +0 pair of boots (worn)
Jewellery
 f - a ring of wizardry (left hand)
 i - a +2 ring of protection (right hand)
 j - an uncursed ring of flight
 k - a +4 ring of strength
 l - an amulet of harm (around neck)
Scrolls
 o - a scroll of teleportation
 p - a scroll of identify
Books
 e - a book of Geomancy

   Spells                             Type                      Level
   a - Sandblast                      Earth                        1
   b - Passwall                       Transmutation/Earth          2
   c - Stone Arrow                    Conjuration/Earth            3
   d - Petrify                        Transmutation/Earth          4
   e - Lee's Rapid Deconstruction     Earth                        5
Comestibles
 a - 4 fruits
 d - 4 bread rations
 h - a chunk of flesh


   Skills:
 - Level 1.5 Dodging
 - Level 2.1 Stealth
 + Level 3.0 Spellcasting
 + Level 2.1 Conjurations
 - Level 0.7 Transmutations
 * Level 6.0 Earth Magic


You had 4 spell levels left.
You knew the following spells:

 Your Spells              Type           Power        Failure   Level  Hunger
a - Sandblast             Erth           ###...       1%          1    #......
b - Passwall              Tmut/Erth      ##........   2%          2    ##.....
c - Stone Arrow           Conj/Erth      ###...       4%          3    ###....


Dungeon Overview and Level Annotations

Branches:
Dungeon (4/15)
 Temple: D:4-7

Altars:
Xom

Annotations:
D:3 Grinder


Innate Abilities, Weirdness & Mutations

You are resistant to torment.
Your stone body is resilient. (AC +4)
You are immune to poison.
You resist negative energy. (rN+)
You are resistant to electric shocks. (rElec)
You can survive without breathing.
You are immune to petrification.
You are immune to rotting.


Message History

Confirm with . or Enter, or press ? or * to list all spells.
Aiming: Stone Arrow
Press: ? - help, Shift-Dir - straight line, f/p - centaur
Aim: a centaur (heavily wounded)
The stone arrow misses the centaur.
The centaur hits you.
You hit the centaur.
The centaur is severely wounded.
The centaur hits you!
* * * LOW HITPOINT WARNING * * *
The centaur hits you but does no damage.
You hit the centaur but do no damage.
The centaur is severely wounded.
The centaur closely misses you. The centaur barely misses you.
You hit the centaur but do no damage.
The centaur is severely wounded.
The centaur closely misses you.
You hit the centaur.
The centaur is almost dead.
The centaur barely misses you. The centaur hits you.
You die...

####.....## **,,,*
#..)......#**,**,*
#<##.....#.*,***,*
#<#*...>...,,,,,,,
#(#*####.##*,***,*
#(# *,# *,* *,* #(#
*,* *,* *,* #(# *,*
*,* *,* #@#
*,***,***,* *#c#*
*,**,,,,,,, *...*
*,**,,****,
#.#.#****,**,,* *,,
#.,..,,,,,,,,,***,,
##,.##***,,,,,,,,,,
*,.# ****,,,,,,,
*,.# *** *****,,,
*,,***,** *,,,


You could see a centaur.

Vanquished Creatures
  Natasha (thrice) (D:2)
  2 adders
  3 worms
  4 dart slugs
  A leopard gecko (D:1)
  4 orcs
  8 bats
  2 giant cockroaches
  6 goblins
  9 hobgoblins
  2 ball pythons
  5 frilled lizards
  6 kobolds
  10 rats
65 creatures vanquished.

Notes
Turn   | Place    | Note
-------+----------+-------------------------------------------
     0 | D:1      | Monsterracer the Gargoyle Earth Elementalist began the quest for the Orb.
     0 | D:1      | Reached XP level 1. HP: 10/10 MP: 3/3
   286 | D:1      | Reached skill level 4 in Earth Magic
   310 | D:1      | Reached XP level 2. HP: 15/15 MP: 3/5
   331 | D:1      | Learned a level 2 spell: Passwall
  1097 | D:1      | Reached XP level 3. HP: 19/19 MP: 6/6
  1106 | D:1      | Learned a level 3 spell: Stone Arrow
  1344 | D:2      | Noticed Natasha
  1414 | D:2      | Killed Natasha
  1414 | D:2      | Reached skill level 5 in Earth Magic
  1414 | D:2      | Reached XP level 4. HP: 23/24 MP: 4/8
  1449 | D:2      | Reached skill level 1 in Conjurations
  1609 | D:2      | Noticed Natasha
  1616 | D:2      | Killed Natasha
  1650 | D:2      | Noticed Natasha
  1658 | D:2      | Killed Natasha
  1658 | D:2      | Reached XP level 5. HP: 24/28 MP: 5/9
  2510 | D:3      | Got an ichor-stained great sword
  2511 | D:3      | Identified the +8 great sword "Zycenaf" {vamp, rC+ Str+2 Dex+3} (You found it on level 3 of the Dungeon)
  2518 | D:3      | Found a shimmering altar of Xom.
  2679 | D:3      | Noticed Grinder
  2681 | D:3      | Paralysed by Grinder for 4 turns
  2694 | D:3      | Paralysed by Grinder for 4 turns
  2705 | D:3      | Paralysed by Grinder for 2 turns
  2989 | D:4      | Reached skill level 6 in Earth Magic
  3079 | D:4      | Noticed a centaur
  3091 | D:4      | Slain by a centaur

Vault maps used:
D:1:      lightli_arrival_boilingwater
D:2:      first_bread, uniq_natasha
D:3:      tgw_xom, grunt_dithmenos_smoke, uniq_grinder
D:4:      uniq_eustachio

Skill      XL: |  1  2  3  4  5 |
---------------+----------------+-----
Earth Magic    | 4 5 6 |  6.0
Conjurations   | 1 2 |  2.1
Spellcasting   | 3 |  3.0
Dodging        | |  1.5
Stealth        | |  2.1
Transmutations | |  0.7

Action                   |  1- 3 |  4- 6 || total
-------------------------+-------+-------++-------
Melee: Club              |    20 |       ||    20
       Unarmed           |    10 |       ||    10
       Spear             |    55 |   151 ||   206
 Cast: Sandblast         |     8 |    21 ||    29
       Stone Arrow       |       |    14 ||    14
  Use: Potion            |     3 |     1 ||     4
       Scroll            |       |     7 ||     7
 Stab: Sleeping          |     4 |     3 ||     7
  Eat: Chunk             |     1 |     8 ||     9
Armor: Robe              |    22 |    57 ||    79
Dodge: Dodged            |    58 |    96 ||   154
